AoeStats
← Vitolas

Nomad

503437538Analyzed
1v1 RM · 1mo ago on Aug 31, 2026· 44m 56s· 2 players
Game mode
Random Map
Map size
126×126
Population
200
Speed
Normal
Resources
Standard
Victory
Conquest
Starting age
Dark Age
Ending age
Imperial Age
RankedLock teamsTeams togetherTeam positionsShared explorationLock speedFull tech treeHidden civsTurbo modeCheats
Victory
Defeat
🇩🇪 Malians · Germany
637
+17
🇧🇪 Japanese · Belgium
653
-17
st.tepe
16:33 Feudal Age
17:03 Double-Bit Axe
17:29 Fishing Lines
19:27 Loom
22:05 Castle Age
23:28 Bow Saw
23:22 Town Watch
23:45 Elite Skirmisher
27:09 Scale Barding Armor
27:21 Bloodlines
27:09 Stone Mining
27:26 Town Patrol
27:25 Horse Collar
28:34 Ballistics
28:10 Murder Holes
27:56 Treadmill Crane
28:13 Gillnets
28:36 Masonry
30:26 Wheelbarrow
31:28 Heavy Plow
31:26 Demolition Ship
36:56 Imperial Age
34:46 Hand Cart
36:10 Husbandry
36:55 Tigui
37:05 Heavy Demolition Ship
40:38 Hoardings
39:24 Elite Gbeto
40:25 Conscription
41:51 Padded Archer Armor
41:41 Fletching
42:02 Forging
41:52 Scale Mail Armor
42:12 Chain Barding Armor
42:56 Crop Rotation
43:48 Cavalier
45:42 Chemistry
45:13 Architecture
Vitolas
12:22 Loom
16:41 Feudal Age
17:49 Double-Bit Axe
17:29 Man-at-Arms
20:29 Gold Mining
21:12 Scale Mail Armor
21:24 Forging
21:34 Fishing Lines
23:19 Wheelbarrow
23:54 Arson
28:40 Castle Age
27:21 Bloodlines
29:01 Horse Collar
29:42 Squires
30:12 Bow Saw
30:01 Pikeman
30:49 Husbandry
32:36 Town Watch
34:46 Iron Casting
35:05 Ballistics
38:18 Imperial Age
35:52 Gillnets
39:41 Conscription
40:13 Halberdier
42:48 Two-Man Saw
42:50 Chemistry
42:21 Stone Mining
43:21 Scale Barding Armor
43:27 Fletching
Connection lost

Rejoining the realm…

Still unreachable

The connection could not be restored.

Session expired

The server has moved on; the page needs a fresh start.